Map: Lerilak Crest

Players

capac - Winner!

  • Race: Terran Terran
  • League: Gold

stringfellow

  • Race: Zerg Zerg
  • League: Gold

VOD

Have the link to the VOD?

Description

Time

  • Played on: March 2, 2016, 2:43 p.m.
  • Length: 24:42
Show
View Real Time Build Order
Export as new Build Order

capac Terran - Winner!

Build Orders:  

Get SALT Encoding   

  12  0:00  SCV  
  13  0:16  SCV  
  14  0:22  Supply Depot  
  14  0:28  SCV  
  15  0:43  Refinery  
  15  0:44  SCV  
  16  0:51  Barracks  
  16  0:56  SCV  
  17  1:08  SCV  
  18  1:20  SCV  
  19  1:32  SCV  
  20  1:39  Barracks Reactor  
  20  1:42  Command Center  
  20  1:45  SCV  
  21  1:54  Supply Depot  
  21  2:00  SCV  
  20  2:15  Orbital Command  
  22  2:18  Barracks  
  22  2:24  Marine x2  
  24  2:32  Bunker  
  24  2:51  SCV  
  24  2:52  Marine x2  
  26  2:58  Orbital Command  
  26  3:05  Factory  
  26  3:07  Barracks Tech Lab  
  26  3:18  SCV  
  27  3:23  Marine x2  
  29  3:27  Stimpack  
  29  3:46  Bunker  
  28  3:49  Marine x3  
  28  3:50  Factory Tech Lab  
  28  3:52  Starport, SCV  
  32  4:04  Supply Depot, SCV  
  33  4:10  Marine x2, Bunker  
  33  4:11  Marine  
  36  4:32  Marine  
  36  4:33  Marine x2, Orbital Command  
  36  4:34  Starport Reactor  
  36  4:37  Barracks  
  39  4:39  Siege Tank  
  42  4:46  Supply Depot  
  42  4:49  Refinery  
  42  5:06  Marine x2  
  42  5:07  Marine  
  45  5:20  Supply Depot  
  45  5:23  Siege Tank  
  48  5:33  Marine x2  
  48  5:34  Marine  
  50  5:57  Orbital Command  
  50  6:05  Medivac x2  
  54  6:36  Bunker  
  54  6:52  Supply Depot  
  54  7:00  Supply Depot  
  54  7:01  Marine x2, Medivac x2  
  54  7:08  Supply Depot, SCV  
  61  7:13  SCV  
  62  7:20  SCV  
  56  7:42  Siege Tank  
  56  7:43  Liberator  
  59  7:44  Liberator  
  59  7:57  Marine x4  
  69  8:15  Marine x4  
  73  8:32  Marine  
  73  8:33  Marine x3  
  77  8:50  Marine x2  
  77  8:51  Marine x2  
  81  9:08  Marine  
  80  9:17  Marine  
  80  9:18  Marine x2  
  83  9:26  Marine  
  83  9:40  Marine x3  
  86  9:53  Supply Depot  
  86  9:55  Barracks, Orbital Command  
  86  9:56  Supply Depot  
  86  9:59  Marine x2  
  81  10:09  Marine x2  
  83  10:17  Marine x2  
  85  10:44  SCV  
  86  11:00  Supply Depot  
  86  11:05  SCV  
  86  11:06  SCV  
  86  11:09  Barracks Reactor  
  86  11:10  Supply Depot  
  86  11:11  Supply Depot  
  88  11:18  SCV  
  89  11:37  Engineering Bay  
  89  11:39  Liberator  
  99  11:40  Liberator  
  82  11:52  Marine x4  
  72  11:55  Marine x2  
  72  12:00  Supply Depot  
  71  12:01  Starport  
  71  12:03  Supply Depot  
  71  12:06  Missile Turret  
  71  12:07  Missile Turret  
  71  12:09  Marine  
  71  12:13  Missile Turret  
  71  12:15  Missile Turret  
  72  12:20  Marine x2  
  72  12:21  Marine x2  
  76  12:48  Supply Depot  
  76  12:50  Refinery  
  76  12:52  Refinery  
  76  12:55  Missile Turret  
  75  13:13  Starport Reactor, Medivac x2  
  75  13:34  Liberator x2  
  75  13:52  Medivac x2  
  75  13:53  Marine  
  75  13:54  Marine x5  
  91  14:02  SCV x2  
  93  14:09  Supply Depot  
  93  14:11  Marine x2  
  93  14:12  Marine x2  
  93  14:13  Missile Turret  
  97  14:20  Siege Tank  
  100  14:38  Marine x4  
  101  14:39  Marine  
  102  14:56  Marine x5  
  102  14:57  Marine  
  91  15:08  Missile Turret  
  91  15:14  Marine x6, SCV x2  
  97  15:31  Marine  
  94  15:51  Marine x4  
  94  15:52  Marine  
  99  16:03  Medivac x3  
  99  16:04  Medivac  
  107  16:33  Command Center  
  107  16:34  Marine x2  
  107  16:35  Marine x4  
  107  16:37  Combat Shields  
  113  16:42  Terran Infantry Weapons Level 1  
  95  17:02  Liberator x2  
  98  17:32  Supply Depot  
  98  17:51  Siege Tank  
  101  17:55  Marine x6  
  106  18:12  Marine x2  
  103  18:13  Marine  
  103  18:17  Marine  
  103  18:18  Marine x2  
  109  18:30  Marine x2  
  109  18:31  Marine  
  109  18:35  Marine x2  
  99  19:02  Marine x2  
  99  19:03  Marine x3  
  83  19:33  Marine x5  
  83  19:34  Marine  
  89  19:49  Command Center  
  89  19:51  Marine  
  90  19:55  Marine x4  
  90  19:56  Marine  
  95  20:16  Terran Infantry Armor Level 1  
  95  20:20  Armory  
  95  21:00  Marine x4  
  95  21:01  Marine  
  100  21:09  Orbital Command  
  100  21:23  Liberator x4  
  100  21:39  Missile Turret  
  100  21:45  Marine  
  100  21:46  Marine x4  
  117  21:56  Refinery  
  117  21:57  Refinery  
  117  22:11  Missile Turret  
  117  22:12  Liberator x4  
  128  23:01  Siege Tank  
  118  23:26  Marine  
  118  23:27  Marine x2  
  115  23:32  Marine  
  115  23:34  Liberator x4  
  100  23:53  Marine x2  
  100  23:54  Marine  
  107  24:03  Marine x3  
  109  24:11  Marine x3  
  112  24:21  Marine x3  
Show
View Real Time Build Order
Export as new Build Order

stringfellow Zerg 

Build Orders: Hatch First, Zergling Baneling 

Get SALT Encoding   

  12  0:01  Drone  
  13  0:13  Overlord  
  13  0:17  Drone  
  14  0:23  Extractor  
  14  0:24  Drone  
  15  0:31  Drone  
  15  0:35  Drone  
  17  0:55  Hatchery  
  16  0:58  Drone  
  16  1:00  Drone  
  18  1:04  Extractor  
  17  1:18  Spawning Pool  
  16  1:21  Drone  
  16  1:24  Drone  
  18  1:31  Drone  
  19  1:40  Drone  
  20  1:50  Drone  
  21  2:01  Drone  
  21  2:06  Queen  
  24  2:08  Metabolic Boost  
  24  2:12  Queen  
  24  2:14  Zergling x2  
  27  2:18  Overlord  
  27  2:26  Zergling x2  
  28  2:31  Baneling Nest  
  28  2:32  Zergling x2  
  28  2:37  Overlord  
  28  2:45  Zergling x4  
  28  2:48  Zergling x2  
  31  2:55  Zergling x4  
  33  3:07  Lair  
  33  3:09  Drone x2  
  35  3:15  Baneling  
  35  3:20  Baneling  
  35  3:23  Zergling x2  
  35  3:24  Zergling x4  
  38  3:34  Zergling x2  
  38  3:35  Zergling x2  
  39  3:42  Baneling  
  39  3:43  Baneling  
  39  3:50  Extractor  
  39  3:55  Roach Warren  
  37  3:56  Baneling x2  
  37  4:00  Zergling x10  
  36  4:27  Zergling x2  
  36  4:28  Zergling x12  
  37  4:33  Baneling  
  37  4:35  Zergling x2  
  37  4:36  Zergling x4  
  40  4:46  Roach  
  40  4:49  Overlord  
  40  4:52  Drone  
  43  4:54  Baneling  
  43  5:04  Overlord  
  43  5:10  Baneling x4  
  43  5:13  Drone  
  44  5:18  Drone x2  
  46  5:24  Drone  
  38  5:44  Roach x4  
  38  5:45  Ravager  
  38  5:49  Drone x2  
  49  5:52  Drone  
  48  6:00  Drone x3  
  51  6:07  Spore Crawler  
  51  6:11  Drone, Spore Crawler  
  48  6:26  Zergling x4  
  48  6:27  Zergling x8  
  48  6:30  Zergling x2  
  48  6:31  Zergling x2  
  56  6:41  Zergling x2  
  56  6:42  Zergling x4  
  56  6:43  Baneling x3  
  56  6:44  Overlord  
  59  6:49  Overlord  
  59  6:54  Overlord  
  59  7:00  Overlord  
  59  7:03  Drone  
  59  7:04  Drone x2  
  55  7:31  Zergling x8, Roach x4  
  55  7:32  Zergling x2  
  68  7:40  Roach x3  
  68  7:42  Ravager x4  
  78  7:44  Zergling x2  
  79  7:52  Drone  
  79  7:55  Extractor  
  79  7:56  Extractor  
  78  8:03  Zergling x4  
  80  8:06  Zergling x2  
  81  8:14  Pneumatized Carapace  
  81  8:16  Hatchery  
  81  8:19  Drone x2  
  82  8:43  Overseer  
  82  8:48  Spire  
  81  8:49  Drone  
  81  8:50  Drone x2  
  77  9:39  Roach x3  
  77  9:40  Roach x3  
  77  10:02  Zergling x2  
  77  10:03  Zergling x18  
  62  10:07  Roach  
  62  10:09  Queen  
  62  10:11  Drone  
  67  10:17  Roach  
  69  10:26  Hydralisk Den  
  69  10:27  Infestation Pit  
  67  10:34  Evolution Chamber, Mutalisk x5  
  67  10:35  Evolution Chamber  
  75  10:36  Overlord  
  75  10:44  Ravager x4  
  75  10:45  Queen  
  75  10:47  Overseer  
  81  10:52  Drone x2, Spore Crawler  
  81  10:53  Overlord x2  
  81  10:54  Overlord x4  
  82  11:02  Mutalisk  
  82  11:03  Roach  
  86  11:15  Mutalisk  
  86  11:16  Zergling x2  
  86  11:17  Zergling x10  
  94  11:26  Zergling x4  
  94  11:27  Zergling x6  
  99  11:33  Zergling x6  
  99  11:34  Zergling x2  
  90  11:53  Mutalisk  
  90  11:54  Mutalisk x2  
  77  12:01  Mutalisk  
  77  12:03  Zergling x10  
  84  12:09  Drone x2  
  84  12:10  Drone  
  87  12:18  Baneling x3  
  87  12:19  Baneling x3  
  87  12:25  Drone x3  
  87  12:26  Drone  
  91  12:40  Mutalisk x2  
  95  12:55  Roach x5  
  95  12:56  Roach  
  95  13:18  Zergling x4, Roach x4  
  95  13:19  Zergling x12  
  105  13:23  Roach  
  105  13:26  Drone x2  
  105  13:27  Drone  
  105  13:46  Zergling x2  
  105  13:47  Zergling x6  
  107  13:58  Hydralisk Den  
  107  14:00  Hydralisk x3  
  107  14:02  Lurker Den  
  113  14:11  Corruptor x2  
  113  14:12  Corruptor  
  113  14:16  Roach x2  
  123  14:17  Roach  
  123  14:21  Extractor  
  123  14:22  Extractor  
  122  14:34  Roach x5  
  122  14:37  Ravager  
  123  14:58  Hydralisk x3  
  123  14:59  Zergling x6, Roach  
  131  15:00  Zergling x6  
  133  15:09  Drone x2  
  135  15:22  Ravager x2  
  128  15:44  Corruptor  
  128  15:45  Roach x3  
  130  16:01  Lurker  
  130  16:02  Lurker x3  
  130  16:03  Corruptor  
  136  16:15  Zergling x2  
  136  16:16  Overlord x3  
  137  16:25  Hatchery  
  132  16:54  Ravager x3  
  131  17:14  Zergling x4  
  131  17:15  Zergling x4, Roach x3  
  138  17:16  Roach x8  
  138  17:17  Roach  
  156  17:24  Infestation Pit  
  155  17:33  Zergling x2  
  155  17:34  Zergling x6  
  113  18:47  Zergling x2  
  113  18:48  Zergling x24  
  92  18:55  Roach x5  
  90  19:14  Roach x2  
  90  19:15  Roach x6  
  94  19:26  Zergling x6  
  94  19:27  Zergling x2  
  80  19:32  Zergling x4  
  80  19:36  Zergling x4  
  84  19:41  Queen  
  84  19:42  Zergling x2  
  84  19:43  Zergling x2  
  88  19:49  Zergling x4  
  90  19:57  Hive  
  90  20:04  Ravager  
  90  20:05  Ravager x5  
  96  20:07  Roach  
  96  20:08  Zergling x6, Roach x2  
  96  20:09  Zergling x2  
  96  20:11  Corruptor x3  
  112  20:37  Evolution Chamber x2  
  108  20:46  Hydralisk  
  108  20:47  Hydralisk x3  
  116  20:53  Overseer  
  116  20:56  Overseer  
  116  21:08  Greater Spire  
  116  21:15  Spore Crawler  
  116  21:17  Spine Crawler  
  114  21:21  Extractor  
  114  21:25  Extractor  
  112  21:28  Corruptor  
  112  21:29  Corruptor x4  
  122  21:35  Lurker x3  
  125  21:41  Zerg Missile Weapons Level 1, Zerg Ground Armor Level 1  
  125  22:08  Corruptor x3  
  125  22:12  Corruptor x2  
  135  22:24  Brood Lord  
  137  22:33  Brood Lord  
  139  22:43  Brood Lord  
  136  23:01  Brood Lord  
  108  23:25  Roach x5  
  108  23:26  Roach x2  
  97  23:31  Zergling x2  
  97  23:32  Zergling x14  
  105  23:38  Zergling x6  
  105  23:39  Zergling x6  
  101  23:51  Zergling x8  
Tags
 
Add a new tag
Caveats
  • Supply blocks, unpowered buildings, or Contaminate may cause inaccurate times.
  • Supply counts are checked every 10 seconds.